 Dungeon Crawl Stone Soup version 0.21.1 (webtiles) character file.

81730 theElss the Bludgeoner (level 15, 0/104 HPs)
             Began as a Gargoyle Berserker on Feb 3, 2018.
             Was the Champion of Trog.
             Slain by an orc knight
             ... wielding a +2 battleaxe
              (23 damage)
             ... on level 1 of the Orcish Mines.
             The game lasted 01:13:10 (23038 turns).

theElss the Bludgeoner (Gargoyle Berserker)        Turns: 23038, Time: 01:13:11

Health: 0/104      AC: 34    Str: 24    XL:     15   Next: 71%
Magic:  5/5        EV:  9    Int: 19    God:    Trog [******]
Gold:   2019       SH:  8    Dex: 13    Spells: 14/14 levels left

rFire    + . .     SeeInvis .   B - +5 eveningstar (antimagic)
rCold    + . .     Gourm    .   z - +2 buckler
rNeg     + + .     Faith    .   i - +4 plate armour of Crawling {*Slow rElec Int+10 Stlth-}
rPois    ∞         Spirit   .   W - -2 hat of the Alchemist {rElec rPois rF+ rC+ rN+ MR+ rMut rCorr}
rElec    +         Reflect  .   f - +0 cloak
rCorr    +         Harm     .   H - +1 pair of gloves
rMut     +                      (no boots)
MR       ++...                  (no amulet)
Stlth    ..........             D - +2 ring of strength
HPRegen  0.27/turn              (no ring)
MPRegen  0.09/turn

@: flying, slowed, very slow
A: big wings, negative energy resistance 1, electricity resistance, unbreathing,
petrification resistance, rot immunity, AC +11
a: Stop Flying, Berserk, Trog's Hand, Brothers in Arms, Burn Spellbooks,
Renounce Religion


You were on level 1 of the Orcish Mines.
You worshipped Trog.
Trog was exalted by your worship.
You were not hungry.

You visited 3 branches of the dungeon, and saw 21 of its levels.
You also visited: Sewer.

You collected 2116 gold pieces.
You spent 97 gold pieces at shops.

Inventory:

Hand Weapons
 l - a +4 flail of venom
 B - a +5 antimagic eveningstar (weapon)
Missiles
 A - 53 bolts
Armour
 f - a +0 cloak (worn)
 i - the +4 plate armour of Crawling (worn) {*Slow rElec Int+10 Stlth-}
   (You found it on level 3 of the Lair of Beasts)

   It affects your intelligence (+10).
   It insulates you from electricity.
   It may slow you when you take damage.
   It makes you less stealthy.
 z - a +2 buckler (worn)
 E - a +0 helmet
 H - a +1 pair of gloves (worn)
 U - a +0 large shield
 W - the -2 hat of the Alchemist (worn) {rElec rPois rF+ rC+ rN+ MR+ rMut rCorr}
   (You found it on level 14 of the Dungeon)

   It protects you from fire.
   It protects you from cold.
   It insulates you from electricity.
   It protects you from poison.
   It protects you from negative energy.
   It affects your resistance to hostile enchantments.
   It protects you from acid and corrosion.
   It protects you from mutation.
Jewellery
 p - an uncursed ring of ice
 D - a +2 ring of strength (left hand)
 Z - an uncursed ring of ice
Wands
 a - a wand of clouds (6)
 m - a wand of random effects (26)
 r - a wand of acid (5)
 C - a wand of flame (16)
Scrolls
 d - 7 scrolls of identify
 e - 12 scrolls of teleportation
 g - 5 scrolls of fear
 n - 6 scrolls of remove curse
 s - 4 scrolls of blinking
 G - a scroll of holy word
 L - 2 scrolls of fog
 N - a scroll of silence
 S - 2 scrolls of magic mapping
Potions
 b - 3 potions of ambrosia
 h - 3 potions of invisibility
 o - 2 potions of might
 q - 5 potions of haste
 u - 5 potions of heal wounds
 v - 7 potions of curing
 w - a potion of magic
 F - a potion of resistance
Books
 j - a book of Enchantments

   Spells                             Type                      Level
   a - Cause Fear                     Hexes                        4
   b - Yara's Violent Unravelling     Hexes/Transmutation          5
   c - Silence                        Hexes/Air                    5
   d - Deflect Missiles               Charms/Air                   6
   e - Discord                        Hexes                        8
   Trog disapproves of the use of such an item.
 k - a book of Callings

   Spells                             Type                      Level
   a - Summon Small Mammal            Summoning                    1
   b - Call Imp                       Summoning                    2
   c - Call Canine Familiar           Summoning                    3
   d - Summon Guardian Golem          Hexes/Summoning              3
   e - Summon Lightning Spire         Summoning/Air                4
   f - Summon Ice Beast               Ice/Summoning                4
   Trog disapproves of the use of such an item.
 t - a book of Party Tricks

   Spells                             Type                      Level
   a - Summon Butterflies             Summoning                    1
   b - Apportation                    Translocation                1
   c - Lesser Beckoning               Translocation                3
   d - Tukima's Dance                 Hexes                        3
   e - Alistair's Intoxication        Transmutation/Poison         5
   f - Invisibility                   Hexes                        6
   Trog disapproves of the use of such an item.
 y - a book of Misfortune

   Spells                             Type                      Level
   a - Confusing Touch                Hexes                        1
   b - Confuse                        Hexes                        3
   c - Gell's Gravitas                Translocation                3
   d - Petrify                        Transmutation/Earth          4
   e - Metabolic Englaciation         Hexes/Ice                    5
   f - Yara's Violent Unravelling     Hexes/Transmutation          5
   Trog disapproves of the use of such an item.
 K - a book of Conjurations

   Spells                             Type                      Level
   a - Magic Dart                     Conjuration                  1
   b - Searing Ray                    Conjuration                  2
   c - Dazzling Spray                 Conjuration/Hexes            3
   d - Fulminant Prism                Conjuration/Hexes            4
   e - Force Lance                    Conjuration/Translocation    4
   f - Iskenderun's Mystic Blast      Conjuration                  4
   Trog disapproves of the use of such an item.
Comestibles
 c - 49 rations
 x - 6 chunks of flesh


   Skills:
 + Level 15.9 Fighting
 - Level 16.0 Maces & Flails
 + Level 14.9 Armour
 + Level 3.7 Dodging
 - Level 1.3 Stealth
 * Level 8.2 Shields


You had 14 spell levels left.
You didn't know any spells.

Dungeon Overview and Level Annotations

Branches:
Dungeon (14/15)            Temple (0/1) D:4            Lair (6/6) D:11
 Shoals (0/4) Lair:2        Snake (0/4) Lair:4        Slime (0/5) Lair:5
    Orc (1/2) D:9          Vaults (0/5) D:14

Altars:
Fedhas
Makhleb
Qazlal
Ru
Zin
The Shining One
Beogh
Jiyva

Shops:
D:14 [   Orc:1 ?

Annotations:
Lair:1 exclusion: 2 oklob plants


Innate Abilities, Weirdness & Mutations

You are resistant to torment.
Your stone body is resilient. (AC +11)
You are immune to poison.
Your large and strong wings let you fly indefinitely.
You resist negative energy. (rN+)
You are resistant to electric shocks. (rElec)
You can survive without breathing.
You are immune to petrification.
You are immune to rotting.


Message History

The orc knight hits you but does no damage.
Some of the chunks of flesh in your inventory have rotted away.
Unknown command.
The orc wizard casts a spell.
The orc wizard flickers and vanishes!
Deactivating autopickup; reactivate with Ctrl-A.
Things that are here:
a robe; a dagger The orc knight hits you with an enchanted battleaxe!!
* * * LOW HITPOINT WARNING * * *
Things that are here:
a plate armour; a glaive; an orc skeleton Unknown command.
You block the orc knight's attack.
There is a staircase back to the Dungeon, spattered with blood here.
Items here: ( ))))))) [[[[[ ÷÷÷ The orc knight no longer looks unusually strong.
The orc priest no longer looks unusually strong.
The orc knight hits you with an enchanted battleaxe!!
You die...

## ### ##.## ##.## #....##.....
#....##...# #....#...... .#
#....##)## #...........
..######..##@######.........
...#.#.....oo)##..##......#
..#........[o####.###....#
........##.oo## #....##'o#####
..........ooo#####............
#..............O##.##.#.#o...#.#.
.........##)...o).o.o.o..oo......
...##...##.#..........>.#........
#...#..............#..####.......


You could see 2 orc knights, 2 orc warriors, an ogre, 2 orc priests and 3 orcs.

Vanquished Creatures
  Frances (D:14)
  Louise (D:14)
  Nessos (Lair:5)
  A fire dragon (Lair:6)
  Josephine (D:14)
  5 vault guards
  3 hydras
  Erolcha (D:13)
  A catoblepas (Lair:6)
  Harold (Lair:1)
  An ice dragon (Lair:6)
  2 centaur warriors
  5 two-headed ogres
  Urug (Lair:4)
  6 death yaks (Lair:6)
  Nergalle (Lair:4)
  3 unseen horrors
  A swamp dragon (Lair:6)
  A lindwurm (Lair:6)
  4 deep elf magi
  2 orc sorcerers (Orc:1)
  A manticore (D:13)
  5 ugly things
  2 oklob plants (D:14)
  11 elephants
  4 black mambas
  2 cyclopes
  A centaur zombie (D:10)
  A merfolk siren (Lair:2)
  Joseph (D:9)
  5 torpor snails (Lair:6)
  9 spiny frogs
  3 rime drakes
  11 komodo dragons
  A queen bee (Lair:1)
  2 polar bears
  2 trolls
  3 meliai (D:14)
  6 hornets (Lair:6)
  15 blink frogs
  A meliai zombie (D:12)
  4 slime creatures (D:14)
  4 tyrant leeches (Lair:6)
  The ghost of Stimme the Insei, an amateur OpTm (D:4)
  9 hippogriffs
  2 centaur simulacra (D:14)
  Sigmund (D:5)
  2 wyverns
  A vampire (D:14)
  68 yaks
  5 wraiths (D:14)
  A fire elemental (Lair:6)
  4 steam dragons
  8 basilisks
  4 vampire mosquitoes
  Edmund (D:5)
  An acid dragon (Lair:6)
  3 wargs
  2 nagas (Lair:4)
  8 water moccasins
  7 porcupines
  12 orc warriors
  3 sky beasts
  2 black bears
  An eye of draining (D:12)
  3 phantoms
  A swamp drake (Lair:6)
  9 ogres
  7 centaurs
  13 crocodiles
  4 big kobolds
  14 bullfrogs
  4 scorpions
  A wyvern skeleton (D:14)
  28 killer bees
  4 howler monkeys
  5 electric eels
  9 crimson imps
  7 hounds
  4 jellies
  17 orc wizards
  2 quasits (D:12)
  3 centaur skeletons
  14 orc priests
  Crazy Yiuf (D:3)
  4 bullfrog skeletons
  A gnoll shaman (D:10)
  7 iguanas
  Terence (D:2)
  13 worker ants
  5 hell rats (Lair:6)
  A killer bee zombie (D:6)
  A hound zombie (D:5)
  2 hound skeletons
  3 worker ant zombies
  15 gnolls
  3 river rats
  16 adders
  3 shadow imps
  6 oozes
  An adder skeleton (D:5)
  3 worms
  A dart slug (D:2)
  6 leopard geckos
  69 orcs
  7 ball pythons
  8 giant cockroaches
  10 goblins
  8 hobgoblins
  7 jackals
  3 quokkas
  14 bats
  9 frilled lizards
  A jackal skeleton (D:4)
  30 kobolds
  2 leopard gecko skeletons (D:4)
  18 rats
  A plant (Lair:6)
712 creatures vanquished.

Vanquished Creatures (collateral kills)
  2 vault guards (D:14)
2 creatures vanquished.

Vanquished Creatures (others)
  A hound zombie (D:8)
  A kobold (D:12)
  A fire vortex (Lair:6)
  7 fungi
  17 plants
27 creatures vanquished.

Grand Total: 741 creatures vanquished

Notes
Turn   | Place    | Note
-------+----------+-------------------------------------------
     0 | D:1      | theElss the Gargoyle Berserker began the quest for the Orb.
     0 | D:1      | Reached XP level 1. HP: 14/14 MP: 1/1
   124 | D:1      | Reached XP level 2. HP: 19/19 MP: 2/2
   294 | D:1      | Reached ** piety under Trog
   438 | D:1      | Reached XP level 3. HP: 24/24 MP: 3/3
   780 | D:2      | Reached XP level 4. HP: 27/29 MP: 4/4
  1090 | D:2      | Noticed Terence
  1095 | D:2      | Killed Terence
  1191 | D:2      | Reached skill level 4 in Maces & Flails
  1191 | D:2      | Reached XP level 5. HP: 34/34 MP: 5/5
  1459 | D:3      | Found a glowing silver altar of Zin.
  1463 | D:3      | Found a glowing golden altar of the Shining One.
  1472 | D:3      | Found a burning altar of Makhleb.
  1596 | D:3      | Reached *** piety under Trog
  1637 | D:3      | Found a runed door.
  2058 | D:3      | Found a sacrificial altar of Ru.
  2169 | D:3      | Noticed Crazy Yiuf
  2172 | D:3      | Killed Crazy Yiuf
  2253 | D:4      | Reached XP level 6. HP: 39/39 MP: 6/6
  2262 | D:4      | Reached skill level 5 in Fighting
  2262 | D:4      | Reached skill level 1 in Stealth
  2266 | D:4      | Reached skill level 5 in Maces & Flails
  2495 | D:4      | Noticed Stimme's ghost (amateur OpTm)
  2512 | D:4      | Killed Stimme's ghost
  2512 | D:4      | Reached skill level 6 in Maces & Flails
  2512 | D:4      | Reached XP level 7. HP: 43/44 MP: 7/7
  2876 | D:4      | Found a glowing drain.
  2885 | Sewer    | Entered a sewer
  2936 | Sewer    | Reached **** piety under Trog
  3141 | Sewer    | Reached skill level 7 in Maces & Flails
  3141 | Sewer    | Reached XP level 8. HP: 49/50 MP: 8/8
  3312 | D:4      | Found a staircase to the Ecumenical Temple.
  3487 | D:5      | Entered Level 5 of the Dungeon
  3625 | D:5      | Noticed Sigmund
  3632 | D:5      | Killed Sigmund
  3632 | D:5      | Reached skill level 8 in Maces & Flails
  3715 | D:5      | Reached ***** piety under Trog
  3828 | D:5      | Reached skill level 9 in Maces & Flails
  3828 | D:5      | Reached XP level 9. HP: 54/56 MP: 9/9
  4033 | D:5      | Noticed Edmund
  4046 | D:5      | Killed Edmund
  4569 | D:6      | Reached skill level 10 in Maces & Flails
  4625 | D:6      | Reached skill level 5 in Armour
  5684 | D:8      | Reached skill level 11 in Maces & Flails
  5710 | D:8      | Noticed a two-headed ogre
  5724 | D:8      | Killed a two-headed ogre
  5724 | D:8      | Reached XP level 10. HP: 64/64 MP: 10/10
  5933 | D:8      | Received a gift from Trog
  6559 | D:9      | Noticed Joseph
  6569 | D:9      | Killed Joseph
  6687 | D:9      | Found a staircase to the Orcish Mines.
  6769 | D:9      | Found a roughly hewn altar of Beogh.
  6849 | D:9      | Reached skill level 12 in Maces & Flails
  7025 | D:10     | Entered Level 10 of the Dungeon
  7105 | D:10     | Noticed a two-headed ogre
  7124 | D:10     | Killed a two-headed ogre
  7248 | D:10     | Reached XP level 11. HP: 52/71 MP: 11/11
  7677 | D:11     | Reached ****** piety under Trog
  8022 | D:11     | Reached skill level 13 in Maces & Flails
  8093 | D:11     | Found a staircase to the Lair.
  8513 | D:11     | Killed an unseen horror
  8562 | D:11     | Found a stormy altar of Qazlal.
  8875 | D:12     | Noticed a deep elf mage
  9143 | D:12     | Noticed a two-headed ogre
  9236 | D:12     | Noticed a cyclops
  9243 | D:11     | Received a gift from Trog
  9336 | D:11     | Killed a two-headed ogre
  9343 | D:11     | Reached skill level 10 in Fighting
  9373 | D:11     | Killed an unseen horror
  9509 | D:12     | Killed a deep elf mage
  9509 | D:12     | Reached XP level 12. HP: 78/78 MP: 12/12
  9566 | D:12     | Reached skill level 14 in Maces & Flails
 10244 | D:13     | Noticed a two-headed ogre
 10254 | D:13     | Killed a two-headed ogre
 10254 | D:13     | Reached skill level 10 in Armour
 10647 | D:13     | Noticed a centaur warrior
 10659 | D:13     | Killed a centaur warrior
 10835 | D:13     | Noticed Erolcha
 10853 | D:13     | Killed Erolcha
 11521 | D:14     | Noticed a two-headed ogre
 11536 | D:14     | Killed a two-headed ogre
 11536 | D:14     | Reached XP level 13. HP: 82/86 MP: 13/13
 11867 | D:14     | Noticed Josephine
 11880 | D:14     | Killed Josephine
 11908 | D:14     | Received a gift from Trog
 12184 | D:14     | Found Juca's Armour Emporium.
 12672 | D:14     | Noticed Frances
 12694 | D:14     | Killed Frances
 12694 | D:14     | Reached skill level 15 in Maces & Flails
 13030 | D:14     | Noticed Louise
 13093 | D:14     | Killed Louise
 13433 | D:14     | Found a blossoming altar of Fedhas.
 14076 | D:14     | Found the -2 hat of the Alchemist {rElec rPois rF+ rC+ rN+ MR+ rMut rCorr}
 14109 | D:14     | Found a gate to the Vaults.
 14109 | D:14     | Noticed a vault guard
 14109 | D:14     | Noticed a vault guard
 14109 | D:14     | Noticed a vault guard
 14109 | D:14     | Noticed a vault guard
 14109 | D:14     | Noticed a vault guard
 14110 | D:14     | Noticed a vault guard
 14110 | D:14     | Noticed a vault guard
 14123 | D:14     | Killed a vault guard
 14123 | D:14     | Reached skill level 1 in Shields
 14128 | D:14     | Killed a vault guard
 14180 | D:13     | Killed a vault guard
 14385 | D:14     | Killed a vault guard
 14429 | D:13     | Killed a vault guard
 14511 | D:14     | Killed a vault guard
 14592 | D:14     | Killed a vault guard
 14882 | Lair:1   | Entered Level 1 of the Lair of Beasts
 15175 | Lair:1   | Noticed Harold
 15296 | Lair:1   | Gained mutation: Your large and strong wings let you fly indefinitely. [Gargoyle growth]
 15296 | Lair:1   | Reached XP level 14. HP: 92/94 MP: 4/14
 15318 | Lair:1   | Killed Harold
 15898 | Lair:1   | Received a gift from Trog
 16424 | Lair:2   | Found a staircase to the Shoals.
 17065 | Lair:3   | Reached skill level 5 in Shields
 17115 | Lair:3   | Got a twisted plate armour
 17126 | Lair:3   | Identified the +4 plate armour of Crawling {*Slow rElec Int+10 Stlth-} (You found it on level 3 of the Lair of Beasts)
 17969 | Lair:4   | Noticed Urug
 18118 | Lair:4   | Killed Urug
 18140 | Lair:4   | Noticed Nergalle
 18149 | Lair:4   | Killed Nergalle
 18451 | Lair:4   | Received a gift from Trog
 18483 | Lair:4   | Found a staircase to the Snake Pit.
 18575 | Lair:4   | Got an ichor-stained ring mail
 18667 | Lair:2   | Got a translucent ring mail
 18678 | Lair:2   | Identified the cursed +1 ring mail "Fuimemm" {rPois rCorr Int+7} (You found it on level 4 of the Lair of Beasts)
 18689 | Lair:2   | Identified the cursed +1 ring mail of the Aged Spreadsheets {rPois Str-2 Int+2 Dex+4} (You found it on level 2 of the Lair of Beasts)
 18787 | Lair:5   | Reached skill level 16 in Maces & Flails
 18964 | Lair:5   | Found a viscous altar of Jiyva.
 18989 | Lair:5   | Found a staircase to the Slime Pits.
 19274 | Lair:5   | Noticed Nessos
 19303 | Lair:5   | Killed Nessos
 19745 | Lair:5   | Reached XP level 15. HP: 73/101 MP: 15/15
 20310 | Lair:6   | Entered Level 6 of the Lair of Beasts
 20410 | Lair:6   | Reached skill level 15 in Fighting
 21057 | Lair:6   | Received a gift from Trog
 21446 | Lair:6   | Found a runed door.
 22601 | Orc:1    | Entered Level 1 of the Orcish Mines
 22616 | Orc:1    | Received a gift from Trog
 22847 | Orc:1    | Found Lyvuh's Magic Scroll Boutique.
 22857 | Orc:1    | Bought a scroll of holy word for 97 gold pieces
 23038 | Orc:1    | Slain by an orc knight

Skill      XL: |  1  2  3  4  5  6  7  8  9 10 11 12 13 14 15 |
---------------+----------------------------------------------+-----
Dodging        | 2 3 |  3.7
Fighting       | 4 5 6 7 9 10 12 13 14 15 | 15.9
Maces & Flails | 4 6 7 9 11 12 13 14 15 16 | 16.0
Stealth        | 1 |  1.3
Armour         | 3 4 6 8 9 11 12 14 | 14.9
Shields        | 3 6 8 |  8.2

Action                   |  1- 3 |  4- 6 |  7- 9 | 10-12 | 13-15 || total
-------------------------+-------+-------+-------+-------+-------++-------
Melee: Mace              |    90 |    25 |       |       |       ||   115
       Flail             |       |   137 |   358 |   769 |  1171 ||  2435
       Dire flail        |       |       |       |       |    80 ||    80
       Eveningstar       |       |       |       |       |   344 ||   344
Invok: Berserk           |     1 |     1 |     3 |     5 |    10 ||    20
       Trog's Hand       |       |       |       |     1 |     2 ||     3
       Brothers in Arms  |       |       |       |       |     1 ||     1
 Abil: Fly               |       |       |       |       |     1 ||     1
  Use: Scroll            |       |       |    11 |     8 |     9 ||    28
       Potion            |       |       |       |       |     1 ||     1
 Stab: Sleeping          |     1 |       |       |       |       ||     1
       Petrified         |       |       |       |       |     7 ||     7
       Petrifying        |       |       |       |       |     1 ||     1
  Eat: Chunk             |       |     7 |    13 |    25 |    43 ||    88
       Ration            |       |       |       |       |     2 ||     2
Armor: Animal skin       |    39 |     9 |       |       |       ||    48
       Chain mail        |       |    27 |       |       |       ||    27
       Plate armour      |       |    79 |   230 |   632 |  1097 ||  2038
Dodge: Dodged            |    97 |    67 |   148 |   246 |   463 ||  1021
Block: Buckler           |       |       |       |       |   113 ||   113
